 Dungeon Crawl Stone Soup version 0.30.1-3-gfc49f6343a (webtiles) character file.

Game seed: 9122038079834702923

1955 zeram the Nimble (level 8, -1/36 HPs)
             Began as a Spriggan Conjurer on July 24, 2023.
             Succumbed to an orc warrior's poison
             ... on level 6 of the Dungeon.
             The game lasted 00:23:06 (7660 turns).

zeram the Nimble (Spriggan Conjurer)                Turns: 7660, Time: 00:23:06

Health: -1/36      AC:  3    Str:  3    XL:     8   Next: 99%
Magic:  9/19       EV: 20    Int: 22    God:
Gold:   352        SH:  5    Dex: 13    Spells: 17/20 levels left

rFire   + . .        d - +2 dagger
rCold   . . .        (no shield)
rNeg    . . .        a - +1 robe
rPois   .            (helmet restricted)
rElec   .            (no cloak)
rCorr   .            (gloves unavailable)
SInv    +            (boots unavailable)
Will    +....        c - amulet of reflection
Stlth   ++           l - ring of protection from fire
HPRegen 0.26/turn    (no ring)
MPRegen 0.16/turn

%: reflection
@: lethally poisoned (-1 -> -16), very quick
A: very small, no large weapons, unfitting armour, see invisible, speed 3
a: no special abilities


You were on level 6 of the Dungeon.
You visited 1 branch of the dungeon, and saw 6 of its levels.

You collected 352 gold pieces.

Inventory:

Hand Weapons
 d - a +2 dagger (weapon)
Armour
 a - a +1 robe (worn)
Jewellery
 c - an amulet of reflection (around neck)
 l - a ring of protection from fire (left hand)
Wands
 j - a wand of iceblast (10)
Scrolls
 g - 2 scrolls of amnesia
 k - a scroll of magic mapping
 m - a scroll of enchant weapon
 n - 2 scrolls of identify
 o - a scroll of butterflies
Potions
 b - a potion of magic
 e - a potion of lignification
 h - 2 potions of degeneration
 i - 3 potions of flight
 p - 2 potions of attraction


   Skills:
 + Level 6.0 Short Blades
 + Level 8.4 Dodging
 - Level 3.0 Stealth
 - Level 2.4 Shields
 + Level 6.9 Spellcasting
 - Level 4.0 Conjurations
 * Level 2.8 Summonings


You had 17 spell levels left.
You knew the following spells:

 Your Spells              Type           Power      Damage    Failure   Level
a - Magic Dart            Conj           100%       1d8       1%          1
b - Searing Ray           Conj           50%        2d6       2%          2

Your spell library contained the following spells:

 Spells                   Type           Power      Damage    Failure   Level
 Dazzling Flash           Conj/Hex       32%        N/A       11%         3
 Scorch                   Fire           14%        2d5       13%         2
 Inner Flame              Hex/Fire       7%         N/A       26%         3
 Flame Wave               Conj/Fire      16%        2d7       36%         4
 Fulminant Prism          Conj/Hex       8%         3d7       36%         4
 Iskenderun's Mystic Bla  Conj/Tloc      16%        2d5       36%         4
 Sticky Flame             Conj/Fire      16%        2d4       36%         4
 Animate Dead             Necr           7%         N/A       63%         4
 Summon Cactus Giant      Summ           10%        N/A       98%         6
 Haunt                    Necr/Summ      6%         N/A       100%        7
 Infestation              Necr           3%         N/A       100%        8


Dungeon Overview and Level Annotations

Branches:
Dungeon (6/15)
 Temple: D:4-7

Altars:
Hepliaklqana
Sif Muna

Shops:
D:4 (   D:5 =

Annotations:
D:6 1 runed translucent door, rozman's ghost, novice BaTm


Innate Abilities, Weirdness & Mutations

You are very small and have problems with some larger weapons.
You are too small for most types of armour.
You have supernaturally acute eyesight. (SInv)
You cover ground extremely quickly. (Speed+++)


Message History

Confirm with . or Enter, or press ? or * to list all spells.
Aiming: Searing Ray (safe; 2% risk of failure)
Press: ? - help, Shift-Dir - straight line, f/p - orc warrior
Aim: an orc warrior, wielding a +2 dire flail of venom and wearing a +0 plate armour (heavily wounded, 79% to hit)
The searing ray hits the orc warrior.
The orc warrior is heavily wounded.
The searing ray hits the orc!
You kill the orc! (Press . to maintain the ray.)
You block the orc warrior's attack.
The searing ray hits the orc warrior.
The orc warrior is heavily wounded.
The orc warrior misses you.
The searing ray hits the orc warrior.
The orc warrior is severely wounded.
The orc warrior closely misses you.
The searing ray hits the orc warrior.
The orc warrior is severely wounded.
You finish channelling your searing ray.
You block the orc warrior's attack.
Casting: Searing Ray (safe; 2% risk of failure)
Confirm with . or Enter, or press ? or * to list all spells.
Aiming: Searing Ray (safe; 2% risk of failure)
Press: ? - help, Shift-Dir - straight line, f/p - orc warrior
Aim: an orc warrior, wielding a +2 dire flail of venom and wearing a +0 plate armour (severely wounded, 79% to hit)
The searing ray hits the orc warrior but does no damage.
The orc warrior is severely wounded. (Press . to maintain the ray.)
The orc warrior hits you with a +2 dire flail of venom!
The searing ray hits the orc warrior but does no damage.
The orc warrior is severely wounded.
The orc warrior barely misses you.
The searing ray hits the orc warrior.
The orc warrior is almost dead.
The orc warrior hits you with a +2 dire flail of venom!
* * * LOW HITPOINT WARNING * * *
You are lethally poisoned!
Unknown command.
Okay, then.
You die...

~⌠.~...~~###≈§.§≈# #.......[#
⌠~..~..~~#####..####.....[..#
.~..~..~~##.................####*
..~~...~###.........###.........,
.......## #.........#.#.....###**
.......# #....)..###.###...#
.......## #....o.)#.....#...#
........# #.......###)###...#
..####### #.....@...#.#.....# ###
#.........#'#.....#
#.................#
#....)....###....## ###########
######


You could see an orc warrior.

Vanquished Creatures
  Edmund (D:4)
  A water moccasin (D:4)
  An ice beast (D:5)
  2 ogres
  2 phantoms
  2 scorpions
  7 wights
  A howler monkey (D:6)
  2 hounds
  3 orc priests
  A jelly (D:4)
  4 sleepcaps
  7 iguanas
  5 orc wizards
  7 adders
  A shadow imp (D:5)
  2 white imps (D:6)
  2 worms
  2 dart slugs
  27 orcs
  9 endoplasms
  2 giant cockroaches
  3 goblins
  8 hobgoblins
  2 jackals (D:4)
  5 kobolds
  5 quokkas
  12 ball pythons
  10 bats
  3 frilled lizards
  6 rats
145 creatures vanquished.

Notes
Turn   | Place    | Note
-------+----------+-------------------------------------------
     0 | D:1      | zeram the Spriggan Conjurer began the quest for the Orb.
     0 | D:1      | Reached XP level 1. HP: 9/9 MP: 5/5
   327 | D:1      | Reached skill level 3 in Dodging
   327 | D:1      | Reached XP level 2. HP: 13/13 MP: 1/6
   330 | D:1      | Learned a level 2 spell: Searing Ray
  1044 | D:2      | Reached XP level 3. HP: 13/16 MP: 8/8
  1601 | D:3      | Reached skill level 1 in Short Blades
  1882 | D:3      | Reached XP level 4. HP: 18/21 MP: 1/9
  2385 | D:3      | Reached skill level 4 in Dodging
  2391 | D:3      | Reached skill level 1 in Shields
  2391 | D:3      | Reached XP level 5. HP: 17/24 MP: 11/11
  3050 | D:4      | Found Fiapn's Weapon Emporium.
  3062 | D:4      | Noticed a water moccasin
  3239 | D:3      | Reached XP level 6. HP: 20/28 MP: 4/12
  3706 | D:4      | Reached skill level 5 in Dodging
  3918 | D:4      | Found a hazy altar of Hepliaklqana.
  3930 | D:4      | Killed a water moccasin
  3931 | D:4      | Reached XP level 7. HP: 20/32 MP: 5/13
  4018 | D:4      | Noticed Edmund
  4148 | D:4      | Killed Edmund
  4340 | D:4      | Reached skill level 6 in Dodging
  4412 | D:4      | Reached skill level 5 in Short Blades
  4763 | D:5      | Entered Level 5 of the Dungeon
  5114 | D:5      | Found Foniss's Jewellery Shop.
  5357 | D:5      | Reached XP level 8. HP: 15/36 MP: 7/15
  5563 | D:5      | Reached skill level 7 in Dodging
  5563 | D:5      | Reached skill level 5 in Spellcasting
  5563 | D:5      | Reached skill level 1 in Summonings
  7004 | D:6      | Reached skill level 8 in Dodging
  7188 | D:6      | HP: 1/36 [electric eel/bolt of electricity (10)]
  7222 | D:6      | Found a shimmering blue altar of Sif Muna.
  7242 | D:6      | Noticed rozman's ghost (novice BaTm)
  7243 | D:6      | Found a runed translucent door.
  7659 | D:6      | HP: 1/36 [orc warrior/+2 dire flail of venom (10)]
  7660 | D:6      | Succumbed to an orc warrior's poison

Illustrated notes

Levels and vault maps discovered:
D:1:      lemuel_arrival_broad_hall, layout_rooms, minmay_splitting_lines,
          minmay_domino_2
D:2:      layout_rooms
D:3:      layout_basic, kennysheep_cluttered_room, minmay_joined_circles
D:4:      layout_basic, mainiacjoe_overflow_chevrons, serial_shops,
          nicolae_take_the_stairs, uniq_edmund
D:5:      layout_cave_pods, serial_shops, nicolae_inconvenience_store
D:6:      cheibrodos_helix_gallery, layout_basic, mainiacjoe_overflow_alcove_1,
          kennysheep_mini_moat, ebering_ghost_inner_flame,
          nicolae_ossuary_entry_plus

Skill      XL: |  1  2  3  4  5  6  7  8 |
---------------+-------------------------+-----
Conjurations   | 3 4 |  4.0
Dodging        | 3 4 5 6 8 |  8.4
Spellcasting   | 3 4 6 |  6.9
Short Blades   | 1 2 3 4 5 6 |  6.0
Shields        | 1 2 |  2.4
Summonings     | 2 |  2.8
Stealth        | |  3.0

Action                     |  1- 3 |  4- 6 |  7- 9 || total
---------------------------+-------+-------+-------++-------
  Melee: Unarmed           |    11 |       |       ||    11
         Dagger            |   122 |   168 |    75 ||   365
         Punch             |     4 |       |     2 ||     6
   Cast: Magic Dart        |    31 |     7 |    36 ||    74
         Searing Ray       |     7 |     9 |    56 ||    72
    Use: Scroll            |     9 |     4 |     6 ||    19
         Potion            |     1 |     1 |     3 ||     5
   Stab: Sleeping          |     5 |     3 |     2 ||    10
 Armour: Robe              |    14 |    16 |     5 ||    35
  Dodge: Dodged            |   140 |   116 |   145 ||   401
  Block: Other             |    44 |    38 |    35 ||   117
         Reflection        |       |       |     1 ||     1
